Map: Acid Plant LE

Players

Ellis

  • Race: Terran Terran
  • Spawn Location: 5:00

CaptainBrash - Winner!

  • Race: Terran Terran
  • League: Silver
  • Spawn Location: 11:00

VOD

Have the link to the VOD?

Description

my friend showing me tvt 8 marine 2 tank drop

Time

  • Played on: Sept. 21, 2018, 3:52 p.m.
  • Length: 4:50
Show
View Real Time Build Order
Export as new Build Order

Ellis Terran 

Build Orders: 1/1/1 

Get SALT Encoding   

  12  0:02  SCV  
  13  0:14  SCV  
  13  0:17  Supply Depot  
  14  0:26  SCV  
  15  0:29  Refinery  
  15  0:39  SCV  
  16  0:45  Barracks  
  16  0:51  SCV  
  16  0:56  Refinery  
  17  1:03  SCV  
  18  1:15  SCV  
  19  1:33  Orbital Command, Factory  
  19  1:38  Barracks Reactor  
  19  1:47  Supply Depot  
  19  2:00  SCV  
  20  2:12  SCV  
  20  2:15  Marine x2  
  22  2:17  Factory Tech Lab  
  22  2:18  Starport  
  23  2:26  SCV  
  24  2:30  Supply Depot  
  24  2:36  Siege Tank  
  27  2:41  Marine x2  
  29  2:54  Medivac  
  31  2:59  Marine x2  
  33  3:07  Supply Depot  
  33  3:08  Siege Tank  
  36  3:17  Marine x2  
  38  3:28  Medivac  
  40  3:38  Supply Depot  
  40  3:41  Marine  
  41  3:50  Siege Tank  
  41  3:51  Marine  
  45  3:59  Marine  
  46  4:06  Starport Tech Lab  
  46  4:09  Marine  
  47  4:10  Supply Depot  
  47  4:17  Marine  
  48  4:27  Marine  
Show
View Real Time Build Order
Export as new Build Order

CaptainBrash Terran - Winner!

Build Orders:  

Get SALT Encoding   

  12  0:01  SCV  
  13  0:13  SCV  
  14  0:17  Supply Depot  
  14  0:26  SCV  
  15  0:39  SCV  
  15  0:42  Barracks  
  16  0:52  SCV  
  17  1:02  Refinery  
  17  1:05  SCV  
  18  1:25  SCV  
  19  1:37  SCV  
  20  1:49  SCV  
  20  1:51  Reaper  
  22  1:57  Command Center  
  22  2:01  Barracks  
  22  2:13  SCV  
  23  2:29  Supply Depot  
  23  2:38  Factory  
  23  2:50  Refinery, SCV  
  24  3:02  SCV  
  24  3:05  Barracks Tech Lab  
  25  3:06  Marine  
  26  3:15  SCV x2  
  28  3:23  Marine  
  29  3:27  SCV  
  30  3:37  Marine  
  30  3:39  SCV  
  30  3:41  Marine, SCV  
  34  3:51  SCV  
  34  3:53  Starport  
  34  3:54  Factory Reactor  
  34  3:55  Marine  
  35  3:59  Marine  
  37  4:05  SCV  
  38  4:13  Marine  
  39  4:17  Marine  
  40  4:31  Marine  
Tags
 
League
Silver
Matchup
TvT
Opening
1/1/1
Race
Terran
Spawn Locations
Cross Positions
Add a new tag
Caveats
  • Supply blocks, unpowered buildings, or Contaminate may cause inaccurate times.
  • Supply counts are checked every 10 seconds.